 Dungeon Crawl Stone Soup version 0.27-a0-538-g15ff5c5295 (webtiles) character file.

Game seed: 6872365825917559381

8969 sahdkjhfkaj the Fighter (level 11, -10/166 HPs)
             Began as a Palentonga Conjurer on Mar 6, 2021.
             Was a Follower of Ru.
             Mangled by Urug
             ... wielding a +2 vorpal broad axe
              (14 damage)
             ... on level 1 of the Lair of Beasts.
             The game lasted 00:17:54 (13044 turns).

sahdkjhfkaj the Fighter (Palentonga Conjurer)      Turns: 13044, Time: 00:17:55

Health: -10/166    AC: 15    Str: 14    XL:     11   Next: 16%
Magic:  2/15       EV:  9    Int: 25    God:    Ru [*.....]
Gold:   788        SH:  0    Dex: 16    Spells: 13/16 levels left

rFire    . . .     SeeInvis +   a - +9 whip "Plog" {speed, rC++ Str+2}
rCold    + + .     Faith    .   (no shield)
rNeg     . . .     Spirit   .   H - +0 troll leather armour
rPois    .         Reflect  .   j - +2 helmet
rElec    .         Harm     .   (no cloak)
rCorr    .         Rampage  .   (no gloves)
Will     .....                  (no barding)
Stlth    ..........             v - amulet of regeneration
HPRegen  2.37/turn              d - +6 ring of dexterity
MPRegen  0.14/turn              t - +6 ring of intelligence

@: berserking, curled up, very quick
A: large, rugged brown scales 3, see invisible, deformed body, hated by all,
roll 1, armoured tail, reflexive curl
a: Rolling Charge, Renounce Religion


You were on level 1 of the Lair of Beasts.
You worshipped Ru.
Ru was aware of your devotion.
You visited 3 branches of the dungeon, and saw 12 of its levels.

You collected 908 gold pieces.
You spent 120 gold pieces at shops.

Inventory:

Hand Weapons
 a - the +9 whip "Plog" (weapon) {speed, rC++ Str+2}
   (You found it on level 7 of the Dungeon)

   Attacks with this weapon are significantly faster.
   It affects your strength (+2).
   It greatly protects you from cold.
Armour
 j - a +2 helmet (worn)
 H - a +0 troll leather armour (worn)
Jewellery
 d - a +6 ring of dexterity (left hand)
 t - a +6 ring of intelligence (right hand)
 v - an amulet of regeneration (around neck)
 z - a ring of resist corrosion
 F - an amulet of reflection
Wands
 p - a wand of digging (7)
 r - a wand of paralysis (5)
 s - a wand of random effects (10)
 y - a wand of polymorph (9)
Scrolls
 b - a scroll of immolation
 f - a scroll of enchant weapon
 i - 3 scrolls of teleportation
 m - 6 scrolls of magic mapping
 q - a scroll of enchant armour
 x - a scroll of brand weapon
 A - a scroll of fear
 G - a scroll of fog
Potions
 c - a potion of resistance {unknown}
 e - a potion of mutation {unknown}
 h - 2 potions of haste {unknown}
 k - a potion of curing
 l - a potion of flight {unknown}
 n - a potion of degeneration {unknown}
 o - 2 potions of might {unknown}
 B - 2 potions of cancellation {unknown}
 D - a potion of berserk rage
Miscellaneous
 C - a condenser vane (inert)


   Skills:
 + Level 12.0 Fighting
 - Level 3.0 Short Blades
 - Level 1.0 Throwing
 - Level 1.5 Dodging
 - Level 1.2 Stealth
 - Level 9.0 Shields
 - Level 3.0 Spellcasting
 - Level 5.0 Conjurations
 - Level 2.0 Evocations


You had 13 spell levels left.
You knew the following spells:

 Your Spells              Type           Power      Damage    Failure   Level
a - Magic Dart            Conj           100%       1d8       1%          1
r - Searing Ray           Conj           56%        3d5       2%          2

Your spell library contained the following spells:

 Spells                   Type           Power      Damage    Failure   Level
 Shock                    Conj/Air       64%        1d7       4%          1
 Corona                   Hex            3%         N/A       13%         1
 Freeze                   Ice            12%        1d4       13%         1
 Dazzling Flash           Conj/Hex       32%        N/A       14%         3
 Corpse Rot               Necr/Air       N/A        N/A       19%         2
 Ensorcelled Hibernation  Hex/Ice        6%         N/A       19%         2
 Sublimation of Blood     Necr           1%         N/A       19%         2
 Confusing Touch          Hex            3%         N/A       36%         3
 Frozen Ramparts          Ice            6%         1d2       36%         3
 Ozocubu's Armour         Ice            3%         N/A       36%         3
 Fulminant Prism          Conj/Hex       8%         3d7       41%         4
 Hailstorm                Conj/Ice       16%        3d6       41%         4
 Iskenderun's Mystic Bla  Conj/Tloc      16%        2d5       41%         4
 Dispel Undead            Necr           3%         3d7       77%         4
 Agony                    Necr           3%         N/A       98%         5
 Excruciating Wounds      Necr           1%         N/A       98%         5
 Tukima's Dance           Hex            Unusable   N/A       N/A         3
 Animate Armour           Summ/Erth      Unusable   N/A       N/A         4
 Summon Ice Beast         Ice/Summ       Unusable   N/A       N/A         4
 Summon Lightning Spire   Summ/Air       Unusable   N/A       N/A         4
 Malign Gateway           Summ/Tloc      Unusable   N/A       N/A         7

Dungeon Overview and Level Annotations

Branches:
Dungeon (10/15)            Temple (1/1) D:6            Lair (1/6) D:9
    Orc: D:9-12

Altars:
Ashenzari
Cheibriados
Dithmenos
Elyvilon
Fedhas
Gozag
Hepliaklqana
Kikubaaqudgha
Makhleb
Nemelex Xobeh
Okawaru
Qazlal
Ru
Sif Muna
Trog
Uskayaw
Vehumet
Wu Jian
Xom
Yredelemnul
Zin
The Shining One

Shops:
D:6 !?

Annotations:
D:4 Dowan, Duvessa, Grinder
D:7 3 runed translucent doors, Snicker's ghost, novice DsDe
D:9 exclusion: 2 doors
Lair:1 Urug


Innate Abilities, Weirdness & Mutations

You are completely covered in rugged brown scales. (AC +3, +7% HP)
You have supernaturally acute eyesight. (SInv)
Armour fits poorly on your strangely shaped body.
You are hated by all.
You can roll at nearby foes to attack.
You have a long armoured tail.
You curl defensively after being hit.


Message History

You hit the yak.
You kill the yak!
Your Fighting skill increases to level 12!
You hit the yak.
The yak is almost dead.
The yak gores you!
You hit the yak.
You kill the yak!
Okay, then.
You hit Urug. You tail-slap Urug, but do no damage.
Urug is moderately wounded.
You closely miss Urug.
Urug is moderately wounded.
Urug stares with her one eyeball.
Urug hits you with a +2 vorpal broad axe!!
You hit Urug.
Urug is moderately wounded.
Urug grins and says, "Time to carve some turkeys."
Urug hits you with a +2 vorpal broad axe!!
* * * LOW HITPOINT WARNING * * *
x2 You hit Urug.
Your tail-slap misses Urug.
Urug is moderately wounded.
Unknown command.
A red film seems to cover your vision as you go berserk!
You feel yourself moving faster!
You feel mighty!
Urug hits you with a +2 vorpal broad axe!
* * * LOW HITPOINT WARNING * * *
x2 Unknown command.
You closely miss Urug.
Urug is moderately wounded.
You hit Urug but do no damage.
Urug is moderately wounded.
Urug hits you with a +2 vorpal broad axe!
* * * LOW HITPOINT WARNING * * *
x2 You whack Urug!
Urug is heavily wounded.
You hit Urug. You tail-slap Urug.
Urug is heavily wounded.
Urug hits you with a +2 vorpal broad axe!
You die...

.... .... #.#.###..# #.
......# #. #..#..# # ##
#####.##...#.# #!####.#.
##.........##.##
#........#....#.........P.
#.... #.#......<........
#...# #@##.#.#.........P
#...# #o##.#.....#.....#
#.... #Y#.......#....###
#...#####Y#..#.#.#......##
#....YY..Y#..##........#.#
##..####..#...............
#.YY...##...P####..#.##..
##.#Y#.P#...## #.....##..
#...#.oP.#.#.# ##....##..


You could see Urug and 3 yaks.

Vanquished Creatures
  2 two-headed ogres (D:9)
  A deep troll (D:9)
  A hornet (D:9)
  An orc sorcerer (D:9)
  A kobold demonologist (D:9)
  A troll (D:9)
  12 yaks (Lair:1)
  A steam dragon (D:9)
  Edmund (D:4)
  2 water moccasins (Lair:1)
  2 orc warriors
  2 ice beasts
  4 sky beasts
  7 ogres
  5 centaurs
  A bullfrog (D:8)
  4 scorpions
  3 killer bees (D:9)
  4 wights (D:9)
  4 howler monkeys
  3 hounds
  A jelly (D:8)
  A bullfrog skeleton (D:8)
  A centaur skeleton (D:9)
  10 orc priests
  An iguana (D:9)
  8 worker ants
  3 orc wizards
  A killer bee zombie (D:8)
  A hound zombie (D:5)
  A hound skeleton (D:9)
  A howler monkey zombie (D:8)
  Robin (D:1)
  10 adders
  A gnoll (D:2)
  A shadow imp (D:6)
  2 white imps
  2 ufetubi (D:9)
  2 adder skeletons
  A worm (D:4)
  2 dart slugs
  6 leopard geckos
  19 orcs
  7 giant cockroaches
  13 goblins
  11 hobgoblins
  10 jackals
  6 quokkas
  A ball python (D:5)
  7 bats
  5 frilled lizards
  5 kobolds
  10 rats
213 creatures vanquished.

Vanquished Creatures (collateral kills)
  An orc sorcerer (D:9)
  A kobold brigand (D:9)
  A hound (D:9)
3 creatures vanquished.

Vanquished Creatures (others)
  3 fungi (Lair:1)
  A plant (Lair:1)
4 creatures vanquished.

Grand Total: 220 creatures vanquished

Notes
Turn   | Place    | Note
-------+----------+-------------------------------------------
     0 | D:1      | sahdkjhfkaj the Palentonga Conjurer began the quest for the
                  | Orb.
     0 | D:1      | Reached XP level 1. HP: 14/14 MP: 3/3
   325 | D:1      | Reached XP level 2. HP: 17/23 MP: 0/5
   453 | D:1      | Reached skill level 1 in Fighting
  1253 | D:1      | Learned a level 2 spell: Searing Ray
  1274 | D:2      | Reached skill level 2 in Fighting
  1369 | D:2      | Reached XP level 3. HP: 31/31 MP: 4/6
  1371 | D:2      | Noticed Robin
  1593 | D:1      | Killed Robin
  1989 | D:2      | Reached skill level 3 in Fighting
  2313 | D:2      | Reached XP level 4. HP: 40/40 MP: 2/7
  2691 | D:2      | You fall into a shaft and drop 2 floors!
  2697 | D:4      | Noticed Grinder
  2793 | D:4      | Reached skill level 4 in Fighting
  2952 | D:4      | Reached XP level 5. HP: 49/50 MP: 1/8
  3038 | D:4      | Reached skill level 5 in Fighting
  3604 | D:3      | Found a burning altar of Makhleb.
  3654 | D:3      | Found a hazy altar of Hepliaklqana.
  3656 | D:3      | Found a glowing silver altar of Zin.
  3676 | D:3      | Found a shimmering altar of Xom.
  3676 | D:3      | Found a hide-covered altar of Uskayaw.
  4294 | D:4      | Noticed Duvessa
  4294 | D:4      | Noticed Dowan
  4353 | D:4      | Reached XP level 6. HP: 59/59 MP: 3/9
  4586 | D:4      | Found a stormy altar of Qazlal.
  4713 | D:4      | Noticed Edmund
  4785 | D:4      | Killed Edmund
  4786 | D:4      | Reached skill level 5 in Conjurations
  5299 | D:5      | Entered Level 5 of the Dungeon
  5324 | D:5      | Reached skill level 6 in Fighting
  5413 | D:5      | Reached skill level 1 in Throwing
  5413 | D:5      | Gained mutation: You curl defensively after being hit.
                  | [Palentonga growth]
  5413 | D:5      | Reached XP level 7. HP: 62/67 MP: 8/10
  5598 | D:5      | Reached skill level 7 in Fighting
  5821 | D:5      | Reached skill level 1 in Shields
  5858 | D:5      | Found an iron altar of Okawaru.
  6352 | D:6      | Reached XP level 8. HP: 78/78 MP: 6/12
  6518 | D:6      | Reached skill level 8 in Fighting
  6520 | D:6      | Found Tejinuh's Distillery.
  6548 | D:6      | Bought a potion of berserk rage for 60 gold pieces
  6548 | D:6      | Bought a potion of heal wounds for 60 gold pieces
  6789 | D:6      | Found a staircase to the Ecumenical Temple.
  6797 | D:6      | Identified the Reference Book on Companions and Arcane
                  | Weapons
  6875 | D:6      | Found Javiapus's Magic Scroll Emporium.
  6915 | Temple   | Entered the Ecumenical Temple
  7236 | D:7      | Found a runed translucent gate.
  7236 | D:7      | Found a runed translucent gate.
  7236 | D:7      | Found a runed translucent gate.
  7236 | D:7      | Noticed Snicker's ghost (novice DsDe)
  7244 | D:7      | Noticed a brown ugly thing
  7283 | D:7      | Identified the +8 broad axe "Seticej" {chaos, rF++ Int-3}
  7328 | D:7      | Found a burning altar of Makhleb.
  7328 | D:7      | Noticed a green death
  7466 | D:6      | HP: 3/118 [orc warrior/+0 war axe of electrocution (18)]
  8193 | D:7      | Identified the +9 whip "Plog" {speed, rC++ Str+2}
  8779 | D:8      | Reached skill level 5 in Shields
  8779 | D:8      | Reached skill level 1 in Evocations
  9006 | D:8      | Reached skill level 1 in Short Blades
  9009 | D:8      | Reached XP level 9. HP: 44/86 MP: 13/13
  9217 | D:8      | You fall into a shaft and drop 2 floors!
  9217 | D:10     | Entered Level 10 of the Dungeon
  9352 | D:9      | Found a staircase to the Lair.
  9587 | D:9      | Noticed a two-headed ogre
  9617 | D:9      | Reached skill level 9 in Fighting
  9617 | D:9      | Killed a two-headed ogre
 10177 | D:8      | Found a sacrificial altar of Ru.
 10251 | D:8      | Became a worshipper of Ru the Awakened
 11647 | D:9      | Noticed a troll
 11648 | D:9      | Reached skill level 10 in Fighting
 11648 | D:9      | Reached XP level 10. HP: 69/99 MP: 5/14
 12127 | D:9      | Noticed an orc sorcerer
 12148 | D:9      | Noticed a sixfirhy
 12149 | D:9      | Killed an orc sorcerer
 12150 | D:9      | Reached skill level 11 in Fighting
 12252 | D:9      | Noticed a two-headed ogre
 12265 | D:9      | HP: 2/100 [two-headed ogre/+0 giant spiked club (24)]
 12269 | D:9      | Killed a two-headed ogre
 12360 | D:9      | Noticed an orc sorcerer
 12364 | D:9      | Noticed a deep troll
 12394 | D:9      | Killed an orc sorcerer
 12407 | D:9      | Paralysed by a hornet for 2 turns
 12419 | D:9      | Killed a hornet
 12536 | D:9      | Gained mutation: You are hated by all. [Ru sacrifice]
 12536 | D:9      | Reached * piety under Ru
 12554 | D:9      | Identified the +6 hand crossbow of the Chain {vorpal, *Slow
                  | Dex+6}
 12587 | D:9      | Killed a deep troll
 12751 | Lair:1   | Entered Level 1 of the Lair of Beasts
 12898 | Lair:1   | Reached XP level 11. HP: 97/109 MP: 6/15
 13004 | Lair:1   | Noticed Urug
 13034 | Lair:1   | Reached skill level 12 in Fighting
 13042 | Lair:1   | HP: 5/166 [Urug/+2 vorpal broad axe (15)]
 13042 | Lair:1   | HP: 1/166 [Urug/+2 vorpal broad axe (4)]
 13044 | Lair:1   | Mangled by Urug

Illustrated notes

Levels and vault maps discovered:
D:1:      nicolae_arrival_washed_ashore, layout_basic
D:2:      layout_loops_ring, minmay_pentomino_u2, uniq_robin
D:3:      layout_loops_ring, minitemple
D:4:      layout_cave_pools, grunt_qazlal_clouds, uniq_grinder, uniq_duvessa,
          uniq_edmund
D:5:      layout_rooms, okawaru_gym_becter, kennysheep_another_room
D:6:      layout_rooms, minmay_temple_entry_offerings, serial_shops, shop, shop,
          grunt_decor_one_mirror
D:7:      layout_gridville, gammafunk_ghost_split, enter_ossuary_5,
          palyth_stone_intersect, makhleb_altar_promises_db
D:8:      layout_rooms, nicolae_overflow_crystal_walls, grunt_decor_fettered
D:9:      minmay_the_grid_4x2 [minmay_the_grid_minigrid_small_alt,
          minmay_the_grid_expand, minmay_the_grid_tri_star,
          minmay_the_grid_gridbox, minmay_the_grid_pillar_ring,
          minmay_the_grid_slots, minmay_the_grid_dragon_b,
          minmay_the_grid_prize_diamond_cup], layout_irregular_city
D:10:     lemuel_slime, layout_long_grid, basic_altar,
          nicolae_trove_entry_crossroad
Temple:   eino_temple_water
Lair:1:   layout_loops_ring, infiniplex_staircase_pool_2, uniq_urug

Skill      XL: |  1  2  3  4  5  6  7  8  9 10 11 |
---------------+----------------------------------+-----
Conjurations   | 4 5 |  5.0
Fighting       | 2 3 4 5 6 7 8 10 11 12 | 12.0
Throwing       | 1 |  1.0
Spellcasting   | 3 |  3.0
Shields        | 2 5 7 9 |  9.0
Evocations     | 2 |  2.0
Short Blades   | 1 2 3 |  3.0
Dodging        | |  1.5
Stealth        | |  1.2

Action                   |  1- 3 |  4- 6 |  7- 9 | 10-12 || total
-------------------------+-------+-------+-------+-------++-------
Melee: Unarmed           |    28 |    23 |       |       ||    51
       Tailslap          |     1 |     4 |    37 |    32 ||    74
       Flail             |       |     4 |    65 |       ||    69
       Whip              |       |       |   177 |   165 ||   342
       War axe           |       |       |    13 |       ||    13
 Cast: Magic Dart        |    83 |   105 |    16 |       ||   204
       Searing Ray       |     1 |    16 |    12 |     8 ||    37
Invok: Sacrifice Love    |       |       |       |     1 ||     1
Evoke: Wand              |       |       |     2 |    18 ||    20
       Condenser vane    |       |       |     1 |       ||     1
  Use: Scroll            |       |     3 |     6 |     3 ||    12
       Potion            |       |       |     2 |     3 ||     5
 Stab: Sleeping          |       |       |     1 |       ||     1
       Paralysed         |       |       |       |    16 ||    16
Armor: Robe              |    13 |       |       |       ||    13
       Animal skin       |     2 |    33 |   105 |     2 ||   142
       Troll leather arm |       |       |       |    54 ||    54
Dodge: Dodged            |    28 |    35 |   163 |    72 ||   298

Table legend: (Time is in decaauts)
 A = Elapsed time spent in this place.
 B = Non-inter-level travel time spent in this place.
 C = Inter-level travel time spent in this place.
 D = Time resting spent in this place.
 E = Time spent auto-exploring this place.
 F = Levels seen in this place.
 G = Mean time per level.
                   A        B        C        D        E       F      G
               +--------+--------+--------+--------+--------+-----+--------+
         Total |  13027 |  12496 |    531 |    159 |  10504 |  12 | 1085.6 |
       Dungeon |  12524 |  12005 |    519 |    159 |  10135 |  10 | 1252.4 |
        Temple |    218 |    208 |     10 |      0 |    192 |   1 |  218.0 |
          Lair |    283 |    283 |      0 |      0 |    177 |   1 |  283.0 |
               +--------+--------+--------+--------+--------+-----+--------+

Top non-repeatable levels by time:
     D:9: 2667 daAuts
     D:1: 1772 daAuts
     D:4: 1386 daAuts
     D:8: 1281 daAuts
     D:3: 1222 daAuts
     D:6: 1138 daAuts
     D:7: 1134 daAuts
     D:5: 991 daAuts
     D:2: 921 daAuts
  Lair:1: 283 daAuts
  Temple: 218 daAuts
    D:10: 8 daAuts
